 Dungeon Crawl Stone Soup version 0.8.0-151-ga56b52c character file.

5924 WorldFamousWhore the Martial Artist (level 10, -2/72 (74) HPs)
             Began as a Vampire Transmuter on May 18, 2011.
             Was a Follower of Nemelex Xobeh.
             Shot with an arrow by a centaur warrior (15 damage)
             ... on Level 11 of the Dungeon.
             The game lasted 03:11:45 (13009 turns).

WorldFamousWhore the Martial Artist (VpTm)         Turns: 13009, Time: 03:11:45

HP  -2/72 (74)   AC  6     Str 17 Exp: 10/8191 (501), need: 3448
MP   8/18        EV 22     Int 16      God: Nemelex Xobeh [*.....]
Gold 191         SH  0     Dex 19      Spells:  3 memorised,  9 levels left

Res.Fire  : . . .   See Invis. : +     - Unarmed
Res.Cold  : + . .   Warding    : . . q - +1 elf robe {rC+}
Life Prot.: . . .   Conserve   : .   (no shield)
Res.Acid. : . . .   Res.Corr.  : .   j - -1 helmet of the Hot Ocelot {Str+3 Dam+3}
Res.Poison: .       Clarity    : .   (no cloak)
Res.Elec. : .       Spirit.Shd : .   (no gloves)
Sust.Abil.: . .     Stasis     : +   v - +2 pair of boots "Omimuidu" {Str+3 Dex+2}
Res.Mut.  : .       Ctrl.Telep.: .   l - amulet of stasis
Res.Rott. : +       Levitation : .   a - +5 ring of evasion
Saprovore : . . .   Ctrl.Flight: .   i - +3 ring of strength

@: regenerating quickly, somewhat resistant to hostile enchantments, quite
stealthy
A: fangs 3, see invisible, berserk 1, deformed body 1, +10% hp, unbreathing, AC
+1, Str -1, Dex +1
a: Bottle Blood, Draw One, Renounce Religion


You were on level 11 of the Dungeon.
You worshipped Nemelex Xobeh.
Nemelex Xobeh was most pleased with you.
You were full.

You visited 2 branches of the dungeon, and saw 12 of its levels.

You collected 450 gold pieces.
You spent 279 gold pieces at shops.

Inventory:

Hand weapons
 b - a +1,+2 sling of flame
 c - a +0,+0 dagger
 p - a +0 blowgun
 R - a +0,+0 crossbow
Missiles
 g - 24 +3 darts (quivered)
 h - 56 +0 stones
 B - 15 poisoned +4 needles
 F - 24 poisoned +0 needles
 K - 21 +0 sling bullets
Armour
 j - the -1 helmet of the Hot Ocelot (worn) {Str+3 Dam+3}
   (You found it on level 4 of the Dungeon)

   It affects your strength (+3).
   It affects your damage-dealing abilities (+3).
 o - a +1 robe
 q - a +1 elven robe of cold resistance (worn)
 v - the cursed +2 pair of boots "Omimuidu" (worn) {Str+3 Dex+2}
   (You bought it in a shop on level 9 of the Dungeon)

   It affects your strength (+3).
   It affects your dexterity (+2).
   It has a curse placed upon it.
 y - a +0 shield
Magical devices
 r - a wand of flame (7)
 s - a wand of polymorph other (8)
 D - a wand of healing (1)
 G - a wand of confusion (17)
 I - a wand of draining (6)
 S - a wand of flame (17)
 T - a wand of frost (15)
Scrolls
 e - a scroll of enchant weapon III {unknown}
 k - a scroll of detect curse
 m - 2 scrolls of enchant weapon II
 u - a scroll of magic mapping
 E - 2 scrolls of identify
 P - a scroll of enchant armour {unknown}
Jewellery
 a - a +5 ring of evasion (right hand)
 i - a +3 ring of strength (left hand)
 l - an amulet of stasis (around neck)
 Q - an uncursed amulet of resist corrosion
Potions
 f - 7 potions of poison
 n - 2 potions of invisibility
 z - a potion of restore abilities
 H - a potion of agility
 J - a potion of blood
 N - 2 potions of brilliance
 O - 2 potions of healing
Books
 d - a book of Changes

   Spells                             Type                      Level
   *Fulsome Distillation              Transmutation/Necromancy     1
   Sticks to Snakes                   Transmutation                2
   *Evaporate                         Fire/Transmutation           2
   *Spider Form                       Transmutation/Poison         3
   Ice Form                           Ice/Transmutation            4
   Blade Hands                        Transmutation                5
Miscellaneous
 t - a plain deck of destruction {drawn: 2} {god gift}
 w - a plain deck of changes {drawn: 2}
 x - a plain deck of wonders {drawn: 1} {god gift}
 A - a crystal ball of energy
 M - a plain deck of destruction {drawn: 1} {god gift}
 U - a plain deck of destruction {drawn: 1} {god gift} You had 501 experience left.


   Skills:
 + Level 4 Fighting
 - Level 1 Slings
 - Level 1 Throwing
 + Level 7 Dodging
 + Level 5 Stealth
 + Level 2 Stabbing
 + Level 2 Traps & Doors
 + Level 11 Unarmed Combat
 + Level 3 Spellcasting
 - Level 2 Necromancy
 + Level 7 Transmutations
 - Level 2 Fire Magic
 - Level 1 Poison Magic


You had 9 spell levels left.
You knew the following spells:

 Your Spells              Type           Power        Success   Level  Hunger
a - Fulsome Distillation  Trmt/Necr      N/A          Excellent   1    Sultana
b - Evaporate             Fire/Trmt      ####......   Great       2    Choko
c - Spider Form Pois/Trmt ###.......     Very         Good        3    Choko

Dungeon Overview and Level Annotations

Branches:
Dungeon (11/27)            Temple (1/1) D:4
    Orc: D:6-11        Lair: D:8-13        Hive: D:11-16

Altars:
Ashenzari
Cheibriados
Elyvilon
Fedhas
Kikubaaqudgha
Makhleb
Nemelex Xobeh
Okawaru
Sif Muna
The Shining One
Trog
Vehumet
Xom
Zin

Shops:
D:9: [


Innate Abilities, Weirdness & Mutations

Your natural rate of healing is unusually fast.
You can bottle blood from corpses.
You have razor-sharp teeth.
You have supernaturally acute eyesight.
You do not need to breathe.
You are partially covered in colourless scales (AC +1).
You tend to lose your temper in combat.
Armour fits poorly on your unusually shaped body.
Your muscles are flexible, but weak (Str -1, Dex +1).
You are robust (+10% HP).
Right-click to toggle between mutations and properties depending on your hunger status.


Message History

* * * LOW HITPOINT WARNING * * *
Drink which item? (? for menu, Esc to quit)
You feel better.
The centaur warrior is engulfed in noxious fumes.
The centaur warrior shoots an arrow.
The arrow hits you!
You die...
Your body glows slightly and disappears.

▒∙∙∙∙∙∙∙∙∙∙∙∙∙▒▒▒
▒▒∙∙∙∙∙>∙∙∙∙∙∙∙∙∙∙
▒∙∙∙∙∙∙∙∙∙∙∙∙∙∙∙∙∙
▒∙∙∙∙∙∙∙∙∙∙∙∙∙∙∙∙∙
▒∙∙∙∙∙∙∙∙∙∙∙∙∙∙∙∙∙
▒∙∙∙▒▒▒▒▒▒▒▒▒▒∙∙∙∙
▒∙∙∙▒ ▒∙∙∙∙ ▒∙∙∙▒
▒∙∙∙∙ ▒▒▒▒∙∙∙▒ ▒∙∙∙∙
▒∙∙∙∙∙∙▒ ▒∙∙∙∙
▒∙∙∙∙∙@▒ ▒∙∙∙∙
▒###(▒▒▒ ▒∙∙∙∙
▒#c#∙▒▒▒▒▒▒▒▒▒▒▒▒∙∙∙
▒##∙##∙∙∙∙∙∙c∙∙∙∙∙
▒I∙∙c##∙∙∙∙∙∙∙∙∙∙∙
▒∙∙∙∙∙∙∙∙∙∙∙∙∙∙∙∙
▒∙∙∙∙∙∙∙∙∙∙∙∙∙∙∙∙
▒▒▒▒∙∙∙∙∙∙∙∙∙∙∙∙∙
▒∙∙∙∙∙∙∙∙∙∙∙∙
▒∙∙∙∙∙∙∙∙∙∙∙


You could see a centaur warrior and an ice beast (wandering).

Vanquished Creatures
  An unseen horror (D:11)
  Pikel (D:5)
  A hill giant (D:10)
  A cyclops (D:11)
  Grinder (D:4)
  A troll (D:10)
  A giant toad (D:10)
  A hippogriff (D:9)
  A wyvern (D:8)
  The ghost of baer the Caller, an average KoSu (D:4)
  2 orc warriors
  A slave (D:5)
  A phantom (D:7)
  A centaur (D:9)
  5 ogres
  Sigmund (D:5)
  Duvessa (D:9)
  2 giant frogs
  9 big kobolds (D:6)
  A water moccasin skeleton (D:6)
  Blork the orc (D:4)
  4 wights (D:8)
  The ghost of darkgobbo the Sinner, a weakling DSDK of Yredelemnul (D:3)
  2 imps
  3 goliath beetles
  A shadow (D:10)
  A hound zombie (D:11)
  Dowan (D:9)
  4 iguanas
  7 hounds
  A hound skeleton (D:7)
  7 orc wizards
  5 orc priests
  A scorpion (D:4)
  9 worker ants
  Ijyb (D:5)
  Jessica (D:3)
  3 jellies
  An iguana zombie (D:7)
  A giant mite (D:4)
  9 snakes
  A megabat skeleton (D:7)
  6 giant geckos
  2 oozes
  24 orcs
  7 giant cockroaches
  18 goblins
  13 hobgoblins
  5 jackals
  20 kobolds
  9 quokkas
  2 small snakes
  9 giant newts
  A hobgoblin zombie (D:5)
  A jackal zombie (D:9)
  14 megabats
  An orc zombie (D:4)
  20 rats
251 creatures vanquished.

Vanquished Creatures (collateral kills)
  A slave (D:5)
  An orc priest (D:3)
2 creatures vanquished.

Vanquished Creatures (others)
  2 toadstools (D:3)
2 creatures vanquished.

Grand Total: 255 creatures vanquished

Notes
Turn   | Place    | Note
--------------------------------------------------------------
     0 | D:1      | WorldFamousWhore, the Vampire Transmuter, began the quest for the Orb.
     0 | D:1      | Reached XP level 1. HP: 11/11 MP: 2/2
    13 | D:1      | Learned a level 1 spell: Fulsome Distillation
   733 | D:1      | Reached XP level 2. HP: 5/16 MP: 3/4
   744 | D:1      | Learned a level 2 spell: Evaporate
  1535 | D:2      | Reached XP level 3. HP: 16/22 MP: 5/5
  1605 | D:2      | Found a radiant altar of Vehumet.
  1699 | D:2      | Reached skill level 4 in Unarmed Combat
  2274 | D:3      | Learned a level 3 spell: Spider Form
  2306 | D:3      | Noticed Jessica
  2308 | D:3      | Noticed darkgobbo's ghost (weakling DSDK)
  2320 | D:3      | Reached XP level 4. HP: 27/27 MP: 2/7
  2484 | D:3      | Reached skill level 1 in Stealth
  2497 | D:3      | Noticed Grinder
  2763 | D:3      | Defeated Jessica
  2798 | D:3      | Reached skill level 1 in Fighting
  2823 | D:3      | Gained mutation: Your muscles are flexible, but weak (Str -1, Dex +1).
  2833 | D:3      | Found a sparkling altar of Nemelex Xobeh.
  2884 | D:3      | Defeated darkgobbo's ghost
  2884 | D:3      | Reached XP level 5. HP: 31/34 MP: 3/8
  2955 | D:3      | Reached skill level 1 in Slings
  3042 | D:3      | Became a worshipper of Nemelex Xobeh
  3050 | D:3      | Received a gift from Nemelex Xobeh
  3164 | D:3      | Reached skill level 5 in Unarmed Combat
  3167 | D:3      | Reached skill level 1 in Necromancy
  3250 | D:4      | Found a staircase to the Ecumenical Temple.
  3281 | Temple   | Entered the Ecumenical Temple
  3432 | D:4      | Got an encrusted helmet
  3435 | D:4      | Identified the cursed -1 helmet of the Hot Ocelot (You found it on level 4 of the Dungeon)
  3611 | D:3      | Reached XP level 6. HP: 16/39 MP: 4/10
  3728 | D:4      | Paralysed by Grinder for 4 turns
  5374 | D:4      | Noticed Blork the orc
  5385 | D:4      | Defeated Blork the orc
  5929 | D:4      | Reached skill level 1 in Throwing
  5958 | D:4      | Defeated Grinder
  5958 | D:4      | Reached XP level 7. HP: 25/46 MP: 11/11
  5978 | D:4      | Noticed baer's ghost (average KoSu)
  6191 | D:4      | Defeated baer's ghost
  6230 | D:4      | Reached skill level 1 in Stabbing
  6233 | D:4      | Reached skill level 6 in Unarmed Combat
  6437 | D:5      | Entered Level 5 of the Dungeon
  6575 | D:5      | Noticed Ijyb
  6585 | D:5      | Defeated Ijyb
  6627 | D:5      | Noticed Pikel
  6632 | D:5      | Reached skill level 1 in Fire Magic
  6636 | D:5      | Defeated Pikel
  6636 | D:5      | Reached XP level 8. HP: 39/52 MP: 5/13
  6829 | D:5      | Noticed Sigmund
  6835 | D:5      | Defeated Sigmund
  6891 | D:5      | Reached skill level 7 in Unarmed Combat
  6980 | D:5      | Reached skill level 5 in Dodging
  7014 | D:5      | Reached skill level 1 in Traps & Doors
  7452 | D:5      | Reached skill level 5 in Transmutations
  8043 | D:6      | Reached skill level 8 in Unarmed Combat
  8044 | D:6      | Noticed a big kobold
  8097 | D:6      | Defeated a big kobold
  8119 | D:6      | Noticed a big kobold
  8243 | D:6      | Defeated a big kobold
  8254 | D:6      | Noticed a big kobold
  8255 | D:6      | Noticed a big kobold
  8255 | D:6      | Noticed a big kobold
  8256 | D:6      | Noticed a big kobold
  8256 | D:6      | Noticed a big kobold
  8256 | D:6      | Noticed a big kobold
  8260 | D:6      | Defeated a big kobold
  8261 | D:6      | Defeated a big kobold
  8262 | D:6      | Defeated a big kobold
  8267 | D:6      | Defeated a big kobold
  8267 | D:6      | Defeated a big kobold
  8268 | D:6      | Defeated a big kobold
  8376 | D:6      | Reached XP level 9. HP: 60/60 MP: 14/14
  8436 | D:6      | Noticed a big kobold
  8446 | D:6      | Defeated a big kobold
  8448 | D:6      | Acquired Nemelex Xobeh's first power
  8932 | D:7      | Reached skill level 9 in Unarmed Combat
  9000 | D:7      | Received a gift from Nemelex Xobeh
  9742 | D:8      | Gained mutation: You are robust (+10% HP).
  9742 | D:8      | Gained mutation: You are partially covered in colourless scales (AC +1).
 11147 | D:9      | Noticed Duvessa
 11152 | D:9      | Noticed Dowan
 11160 | D:9      | Defeated Duvessa
 11163 | D:9      | Defeated Dowan
 11200 | D:9      | Found a glowing golden altar of the Shining One.
 11306 | D:9      | Received a gift from Nemelex Xobeh
 11330 | D:9      | Found Loakhluh's Armour Boutique.
 11336 | D:9      | Bought the cursed +2 pair of boots "Omimuidu" {Str+3 Dex+2} for 279 gold pieces
 11401 | D:9      | Reached skill level 1 in Poison Magic
 11517 | D:9      | Reached skill level 10 in Unarmed Combat
 11573 | D:9      | Noticed nhargobange's ghost (experienced SpVM)
 11595 | D:10     | Entered Level 10 of the Dungeon
 11609 | D:10     | Reached skill level 5 in Stealth
 11809 | D:10     | Gained mutation: Armour fits poorly on your unusually shaped body.
 11809 | D:10     | Gained mutation: You tend to lose your temper in combat.
 12206 | D:10     | Reached XP level 10. HP: 43/72 MP: 14/18
 12825 | D:11     | Received a gift from Nemelex Xobeh
 12970 | D:11     | Reached skill level 11 in Unarmed Combat
 13008 | D:11     | HP: 2/72 [centaur warrior/arrow (18)]
 13009 | D:11     | Shot with an arrow by a centaur warrior
